AAA WEST
LAS VEGAS AVIATORS @ ALBUQUERQUE ISOTOPES
09/07/2041
 
TOP OF THE 1ST
Las Vegas Aviators batting - Pitching for Albuquerque Isotopes : LHP Norberto Suárez
Pitching: LHP Norberto Suárez
Batting: LHB Caleb Banks 0-0: Ball
1-0: Called Strike
1-1: Swinging Strike
1-2: Foul Ball, location: 2F
1-2: Strikes out swinging
Batting: LHB Luis López 0-0: Called Strike
0-1: Foul Ball, location: 9LMFF
0-2: Ball
1-2: Ball
2-2: Ball
3-2: Foul Ball, location: 2F
3-2: Foul Ball, location: 5F
3-2: Foul Ball, location: 2F
3-2: Foul Ball, location: 3FF
3-2: Foul Ball, location: 3F
3-2: Foul Ball, location: 5FF
3-2: Foul Ball, location: 3FF
3-2: DOUBLE (Line Drive, 7LD, EV 98.8 MPH)
Batting: SHB Jimmy Beard 0-0: Foul Ball, location: 9LSF
0-1: Ball
1-1: Ball
2-1: Swinging Strike
2-2: Strikes out swinging
Batting: LHB Cristóbal Díaz 0-0: Ball
1-0: Fly out, F6 (Popup, 6M, EV 57.5 MPH)
Top of the 1st over - 0 runs, 1 hit, 0 errors, 1 left on base; Las Vegas 0 - Albuquerque 0
BOTTOM OF THE 1ST
Albuquerque Isotopes batting - Pitching for Las Vegas Aviators : RHP Jorge Martínez
Pitching: RHP Jorge Martínez
Batting: RHB José Caraballo 0-0: Ball
1-0: Ball
2-0: Called Strike
2-1: Fly out, F8 (Line Drive, 8RD, EV 88.8 MPH)
Batting: RHB Sean Vaughan 0-0: Foul Ball, location: 9LSF
0-1: Fly out, F8 (Flyball, 78D, EV 97.5 MPH)
Batting: RHB Cisco Sandodal 0-0: Foul Ball, location: 7LDF
0-1: Swinging Strike
0-2: Foul Ball, location: 5FF
0-2: Strikes out swinging
Bottom of the 1st over - 0 runs, 0 hits, 0 errors, 0 left on base; Las Vegas 0 - Albuquerque 0
TOP OF THE 2ND
Las Vegas Aviators batting - Pitching for Albuquerque Isotopes : LHP Norberto Suárez
Batting: RHB Ernesto Peña 0-0: Reached on error, E6 (Groundball, 6, EV 85.6 MPH)
Batting: RHB Dave Brock 0-0: Bunted foul
0-1: Ball
1-1: Ball
2-1: Sac Bunt to 15 - play at first, batter OUT! 1-3
Ernesto Peña to second
Batting: RHB Luis De La Cruz 0-0: Foul Ball, location: 2F
0-1: Ball
1-1: Ground out 5-3 (Groundball, 56, EV 97.5 MPH)
Batting: RHB Bert Gray 0-0: Ball
1-0: Ball
2-0: Ball
3-0: Base on Balls
Batting: RHB Luis Rincón 0-0: Called Strike
0-1: Swinging Strike
0-2: SINGLE (Groundball, 6MD, EV 98.1 MPH)
Ernesto Peña to third
Bert Gray to second
Runner from 3rd tries for Home, SAFE, throw by CF to home
Batting: LHB Caleb Banks 0-0: SINGLE (Flyball, 78S, EV 92.5 MPH)
Bert Gray to third
Luis Rincón to second
Runner from 3rd tries for Home, SAFE, throw by LF to home
Batting: LHB Luis López 0-0: Ball
1-0: Fly out, F6 (Line Drive, 4M, EV 66.3 MPH)
Top of the 2nd over - 2 runs, 2 hits, 1 error, 2 left on base; Las Vegas 2 - Albuquerque 0
BOTTOM OF THE 2ND
Albuquerque Isotopes batting - Pitching for Las Vegas Aviators : RHP Jorge Martínez
Batting: RHB Bob Jacobs 0-0: Foul Ball, location: 5DF
0-1: Ball
1-1: Swinging Strike
1-2: Ball
2-2: Strikes out swinging
Batting: LHB Alex Battle 0-0: Called Strike
0-1: Fly out, F7 (Flyball, 7, EV 96.9 MPH)
Batting: RHB Juan Ortíz 0-0: Swinging Strike
0-1: Ball
1-1: Ball
2-1: Called Strike
2-2: Ground out 4-3 (Groundball, 4M, EV 110.6 MPH)
Bottom of the 2nd over - 0 runs, 0 hits, 0 errors, 0 left on base; Las Vegas 2 - Albuquerque 0
TOP OF THE 3RD
Las Vegas Aviators batting - Pitching for Albuquerque Isotopes : LHP Norberto Suárez
Batting: SHB Jimmy Beard 0-0: Ball
1-0: Called Strike
1-1: Called Strike
1-2: Ball
2-2: Hit by Pitch
Batting: LHB Cristóbal Díaz 0-0: Fly out, F8 (Flyball, 8LM, EV 93.8 MPH)
Batting: RHB Ernesto Peña 0-0: Called Strike
0-1: Ball
1-1: Called Strike
1-2: Fly out, F8 (Flyball, 8LM, EV 86.9 MPH)
Batting: RHB Dave Brock 0-0: Swinging Strike
0-1: Foul Ball, location: 3FF
0-2: Ball
Wild Pitch!
Jimmy Beard to second
1-2: Strikes out looking
Top of the 3rd over - 0 runs, 0 hits, 0 errors, 1 left on base; Las Vegas 2 - Albuquerque 0
BOTTOM OF THE 3RD
Albuquerque Isotopes batting - Pitching for Las Vegas Aviators : RHP Jorge Martínez
Batting: LHB Aloísio Penhascos 0-0: Foul Ball, location: 23F
0-1: Ball
1-1: Called Strike
1-2: Foul Ball, location: 3FF
1-2: Foul Ball, location: 2F
1-2: Foul Ball, location: 23F
1-2: Ground out 6-3 (Groundball, 56D, EV 101.9 MPH)
Batting: SHB Norberto Mejía 0-0: Foul Ball, location: 2F
0-1: Ball
1-1: Ball
2-1: Fly out, F7 (Flyball, 78S, EV 96.3 MPH)
Batting: RHB Luis García 0-0: Called Strike
0-1: Ball
1-1: Ball
2-1: Ball
3-1: Foul Ball, location: 2F
3-2: SINGLE (Groundball, 4D, EV 93.8 MPH)
Batting: RHB José Caraballo 0-0: Called Strike
0-1: Called Strike
0-2: Ball
1-2: Ground out 5-3 (Groundball, 56S, EV 68.8 MPH)
Bottom of the 3rd over - 0 runs, 1 hit, 0 errors, 1 left on base; Las Vegas 2 - Albuquerque 0
TOP OF THE 4TH
Las Vegas Aviators batting - Pitching for Albuquerque Isotopes : LHP Norberto Suárez
Batting: RHB Luis De La Cruz 0-0: Foul Ball, location: 2F
0-1: Ball
1-1: Ground out U3 (Groundball, 34S, EV 81.3 MPH)
Batting: RHB Bert Gray 0-0: Called Strike
0-1: Foul Ball, location: 2F
0-2: Foul Ball, location: 23F
0-2: Foul Ball, location: 9LSF
0-2: Ball
1-2: Strikes out swinging
Batting: RHB Luis Rincón 0-0: Ball
1-0: Called Strike
1-1: Swinging Strike
1-2: Ball
2-2: Strikes out swinging
Top of the 4th over - 0 runs, 0 hits, 0 errors, 0 left on base; Las Vegas 2 - Albuquerque 0
BOTTOM OF THE 4TH
Albuquerque Isotopes batting - Pitching for Las Vegas Aviators : RHP Jorge Martínez
Batting: RHB Sean Vaughan 0-0: Called Strike
0-1: Ball
1-1: Ball
2-1: Ball
3-1: Foul Ball, location: 5F
3-2: Ground out 5-3 (Groundball, 56, EV 90.0 MPH)
Batting: RHB Cisco Sandodal 0-0: Fly out, F4 (Line Drive, 4MD, EV 70.6 MPH)
Batting: RHB Bob Jacobs 0-0: Foul Ball, location: 2F
0-1: Ground out 4-3 (Groundball, 4, EV 90.6 MPH)
Bottom of the 4th over - 0 runs, 0 hits, 0 errors, 0 left on base; Las Vegas 2 - Albuquerque 0
TOP OF THE 5TH
Las Vegas Aviators batting - Pitching for Albuquerque Isotopes : LHP Norberto Suárez
Batting: LHB Caleb Banks 0-0: Swinging Strike
0-1: SINGLE (Groundball, 23, EV 73.8 MPH) (infield hit)
Batting: LHB Luis López 0-0: Sac Bunt to 3S - play at first, batter OUT! 3-4
Caleb Banks to second
Batting: SHB Jimmy Beard 0-0: Ball
1-0: Swinging Strike
1-1: Swinging Strike
1-2: Foul Ball, location: 3F
1-2: Ball
2-2: Fly out, F8 (Flyball, 89D, EV 91.9 MPH)
Runner from 2nd tags up, SAFE at 3rd, no throw by CF
Batting: LHB Cristóbal Díaz 0-0: Ball
1-0: Called Strike
1-1: Ball
2-1: Ball
3-1: Base on Balls
Steal of home, Caleb Banks is safe
Batting: RHB Ernesto Peña 0-0: Ball
1-0: Ball
2-0: Called Strike
2-1: Foul Ball, location: 2F
2-2: Strikes out swinging
Top of the 5th over - 1 run, 1 hit, 0 errors, 1 left on base; Las Vegas 3 - Albuquerque 0
BOTTOM OF THE 5TH
Albuquerque Isotopes batting - Pitching for Las Vegas Aviators : RHP Jorge Martínez
Batting: LHB Alex Battle 0-0: Called Strike
0-1: Ball
1-1: Ball
2-1: Ball
3-1: Called Strike
3-2: Base on Balls
Batting: RHB Juan Ortíz 0-0: Ball
1-0: Ball
2-0: Sac Bunt to 13S - play at first, batter OUT! 1-3
Alex Battle to second
Batting: LHB Aloísio Penhascos 0-0: Ball
1-0: Called Strike
1-1: Ball
2-1: Called Strike
2-2: Strikes out looking
Batting: SHB Norberto Mejía 0-0: Foul Ball, location: 2LF
0-1: Ball
1-1: Foul Ball, location: 9LMF
1-2: Strikes out looking
Bottom of the 5th over - 0 runs, 0 hits, 0 errors, 1 left on base; Las Vegas 3 - Albuquerque 0
TOP OF THE 6TH
Las Vegas Aviators batting - Pitching for Albuquerque Isotopes : LHP Norberto Suárez
Batting: RHB Dave Brock 0-0: Swinging Strike
0-1: Ball
1-1: Ball
2-1: Ball
3-1: Called Strike
3-2: SINGLE (Groundball, 34D, EV 94.4 MPH)
Batting: RHB Luis De La Cruz 0-0: Sac Bunt to 25 - play at first, batter OUT! 5-3
Dave Brock to second
Batting: RHB Bert Gray 0-0: Called Strike
0-1: Called Strike
0-2: Ball
1-2: Strikes out swinging
Pitching: LHP Jim Unknown
Batting: RHB Luis Rincón 0-0: 2-RUN HOME RUN (Line Drive, 9LD, EV 94.4 MPH), Distance : 376 ft
Batting: LHB Caleb Banks 0-0: Ball
1-0: Swinging Strike
1-1: Ground out 6-3 (Groundball, 6, EV 89.4 MPH)
Top of the 6th over - 2 runs, 2 hits, 0 errors, 0 left on base; Las Vegas 5 - Albuquerque 0
BOTTOM OF THE 6TH
Albuquerque Isotopes batting - Pitching for Las Vegas Aviators : RHP Jorge Martínez
Batting: RHB Luis García 0-0: Foul Ball, location: 3FF
0-1: Ball
1-1: Ground out 4-3 (Groundball, 4, EV 100.0 MPH)
Batting: RHB José Caraballo 0-0: Ball
1-0: SOLO HOME RUN (Flyball, 78XD, EV 104.4 MPH), Distance : 396 ft
Batting: RHB Sean Vaughan 0-0: Ball
1-0: Ground out 6-3 (Groundball, 6, EV 83.8 MPH)
Batting: RHB Cisco Sandodal 0-0: Called Strike
0-1: Ground out 6-3 (Groundball, 6, EV 87.5 MPH)
Bottom of the 6th over - 1 run, 1 hit, 0 errors, 0 left on base; Las Vegas 5 - Albuquerque 1
TOP OF THE 7TH
Las Vegas Aviators batting - Pitching for Albuquerque Isotopes : LHP Jim Unknown
Batting: LHB Luis López 0-0: Called Strike
0-1: Foul Ball, location: 2F
0-2: Ball
1-2: Ball
2-2: Ball
3-2: Base on Balls
Batting: SHB Jimmy Beard Pickoff Play to 1st, Runner tries for 2nd, OUT after rundown.
0-0: Ball
1-0: Called Strike
1-1: Foul Ball, location: 2F
1-2: Ball
2-2: SOLO HOME RUN (Flyball, 9LD, EV 93.1 MPH), Distance : 334 ft
Batting: LHB Cristóbal Díaz 0-0: Ball
1-0: Ball
2-0: Swinging Strike
2-1: Foul Ball, location: 2F
2-2: Fly out, F8 (Flyball, 78M, EV 96.9 MPH)
Batting: RHB Ernesto Peña 0-0: Ball
1-0: Ball
2-0: Called Strike
2-1: Ball
3-1: Base on Balls
Batting: RHB Dave Brock 0-0: Ball
1-0: Called Strike
1-1: Ball
2-1: Fly out, F9 (Flyball, 9, EV 91.9 MPH)
Top of the 7th over - 1 run, 1 hit, 0 errors, 1 left on base; Las Vegas 6 - Albuquerque 1
BOTTOM OF THE 7TH
Albuquerque Isotopes batting - Pitching for Las Vegas Aviators : RHP Jorge Martínez
Batting: RHB Bob Jacobs 0-0: Called Strike
0-1: Foul Ball, location: 2F
0-2: Hit by Pitch
Batting: LHB Alex Battle 0-0: Swinging Strike
0-1: Called Strike
0-2: Foul Ball, location: 2F
0-2: Strikes out looking
Batting: RHB Juan Ortíz 0-0: Fly out, F9 (Flyball, 9D, EV 108.8 MPH)
Batting: LHB Aloísio Penhascos 0-0: Fly out, F9 (Line Drive, 9LS, EV 93.1 MPH)
Bottom of the 7th over - 0 runs, 0 hits, 0 errors, 1 left on base; Las Vegas 6 - Albuquerque 1
TOP OF THE 8TH
Las Vegas Aviators batting - Pitching for Albuquerque Isotopes : LHP Jim Unknown
Batting: RHB Luis De La Cruz 0-0: SINGLE (Groundball, 4D, EV 94.4 MPH)
Batting: RHB Bert Gray 0-0: Called Strike
0-1: Swinging Strike
0-2: Ball
1-2: Strikes out swinging
Batting: RHB Luis Rincón 0-0: Called Strike
0-1: Foul Ball, location: 5F
0-2: Foul Ball, location: 3DF
0-2: Ball
1-2: Foul Ball, location: 2RF
1-2: Ball
2-2: Ball
3-2: SINGLE (Groundball, 6MD, EV 106.3 MPH)
Luis De La Cruz to second
Runner from 2nd tries for 3rd, SAFE, throw by CF made to third
Batting: LHB Caleb Banks 0-0: Ball
1-0: Foul Ball, location: 3F
1-1: SINGLE (Groundball, 34S, EV 73.1 MPH) (infield hit)
Luis Rincón to second
Batting: LHB Luis López 0-0: Ball
1-0: Swinging Strike
1-1: Ball
2-1: Foul Ball, location: 3SF
2-2: Foul Ball, location: 7LMF
2-2: Ball
3-2: Foul Ball, location: 2F
3-2: Base on Balls
Luis De La Cruz scores
Luis Rincón to third
Caleb Banks to second
Batting: SHB Jimmy Beard 0-0: Ball
1-0: Ball
2-0: Ball
3-0: Called Strike
3-1: Base on Balls
Luis Rincón scores
Caleb Banks to third
Luis López to second
Pitching: RHP Jim Unknown
Batting: LHB Cristóbal Díaz 0-0: Foul Ball, location: 3F
0-1: Ball
1-1: Foul Ball, location: 2F
1-2: Foul Ball, location: 2F
1-2: Foul Ball, location: 5SF
1-2: Ball
2-2: Foul Ball, location: 9LMFF
2-2: Strikes out looking
Batting: RHB Ernesto Peña 0-0: Called Strike
0-1: Fly out, F8 (Flyball, 8RM, EV 90.0 MPH)
Top of the 8th over - 2 runs, 3 hits, 0 errors, 3 left on base; Las Vegas 8 - Albuquerque 1
BOTTOM OF THE 8TH
Albuquerque Isotopes batting - Pitching for Las Vegas Aviators : RHP Jorge Martínez
Batting: SHB Norberto Mejía 0-0: Ball
1-0: Ball
2-0: Called Strike
2-1: Called Strike
2-2: Ball
3-2: DOUBLE (Line Drive, 7LS, EV 97.5 MPH)
Batting: RHB Luis García 0-0: Called Strike
0-1: Ball
1-1: Called Strike
1-2: Ground out 5-3 (Groundball, 56S, EV 72.5 MPH)
Batting: RHB José Caraballo 0-0: Ball
1-0: Foul Ball, location: 2F
1-1: Called Strike
1-2: Ball
2-2: Ground out 6-3 (Groundball, 6, EV 103.1 MPH)
Pitching: RHP Jesús Ramírez
Batting: RHB Sean Vaughan 0-0: Foul Ball, location: 23F
0-1: Foul Ball, location: 9LSF
0-2: Ball
1-2: Ball
2-2: Ball
3-2: Strikes out swinging
Bottom of the 8th over - 0 runs, 1 hit, 0 errors, 1 left on base; Las Vegas 8 - Albuquerque 1
TOP OF THE 9TH
Las Vegas Aviators batting - Pitching for Albuquerque Isotopes : RHP Jim Unknown
Batting: RHB Dave Brock 0-0: Ball
1-0: Ball
2-0: Called Strike
2-1: Swinging Strike
2-2: Strikes out looking
Batting: RHB Luis De La Cruz 0-0: Ball
1-0: Foul Ball, location: 2F
1-1: Ball
2-1: Ball
3-1: Base on Balls
Batting: RHB Bert Gray 0-0: Ball
1-0: Ball
2-0: Ball
3-0: Base on Balls
Luis De La Cruz to second
Pinch Hitting: LHB António González 0-0: Called Strike
0-1: Ball
1-1: Foul Ball, location: 2F
1-2: Ball
2-2: Foul Ball, location: 25F
2-2: Fly out, F8 (Flyball, 8LD, EV 86.3 MPH)
Batting: LHB Caleb Banks 0-0: Ball
1-0: Ball
2-0: Ball
3-0: Base on Balls
Luis De La Cruz to third
Bert Gray to second
Batting: LHB Luis López 0-0: Ball
1-0: Ball
2-0: Ball
3-0: Called Strike
3-1: Base on Balls
Luis De La Cruz scores
Bert Gray to third
Caleb Banks to second
Batting: SHB Jimmy Beard 0-0: Called Strike
0-1: Ball
1-1: Called Strike
1-2: Fly out, F4 (Popup, 34D, EV 59.4 MPH)
Top of the 9th over - 1 run, 0 hits, 0 errors, 3 left on base; Las Vegas 9 - Albuquerque 1
BOTTOM OF THE 9TH
Albuquerque Isotopes batting - Pitching for Las Vegas Aviators : RHP Jesús Ramírez
Now at C: Lúcio Ramírez
Batting: RHB Cisco Sandodal 0-0: Foul Ball, location: 2F
0-1: Ball
1-1: DOUBLE (Line Drive, 7LM, EV 100.0 MPH)
Batting: RHB Bob Jacobs 0-0: Ball
1-0: SINGLE (Groundball, 34D, EV 108.1 MPH)
Cisco Sandodal to third
Batting: LHB Alex Battle 0-0: Called Strike
0-1: Fly out, F7 (Flyball, 7, EV 75.0 MPH)
Pinch Hitting: LHB Ernesto Ledezma 0-0: Called Strike
0-1: Ball
1-1: Called Strike
1-2: Ball
2-2: Ball
Wild Pitch!
Cisco Sandodal scores
Bob Jacobs to second
3-2: Base on Balls
Batting: LHB Aloísio Penhascos 0-0: Ball
Wild Pitch!
Bob Jacobs to third
Ernesto Ledezma to second
1-0: Foul Ball, location: 7LSF
1-1: Called Strike
1-2: Ball
2-2: Fly out, F9 (Flyball, 9S, EV 103.8 MPH)
Batting: SHB Norberto Mejía 0-0: Called Strike
0-1: Ball
1-1: Foul Ball, location: 5F
1-2: Ball
2-2: Ball
3-2: Fly out, F9 (Line Drive, 9, EV 103.1 MPH)
Bottom of the 9th over - 1 run, 2 hits, 0 errors, 2 left on base; Las Vegas 9 - Albuquerque 2
Monday, April 1st , 2024 - OOTP Baseball 24.10 Build 82